 Dungeon Crawl Stone Soup version 0.20.1-1-g8b1a95d (webtiles) character file.

124 darkstardao the Chiller (level 4, -1/24 HPs)
             Began as a Deep Elf Ice Elementalist on Sept 20, 2017.
             Slain by a gnoll
             ... wielding a +0 spear
              (5 damage)
             ... on level 2 of the Dungeon.
             The game lasted 00:03:38 (1935 turns).

darkstardao the Chiller (Deep Elf Ice Elementalist) Turns: 1935, Time: 00:03:39

Health: -1/24      AC:  4    Str:  5    XL:     4   Next: 81%
Magic:  3/11       EV: 14    Int: 21    God:
Gold:   79         SH:  0    Dex: 15    Spells: 0/10 levels left

rFire    . . .     SeeInvis .   e - +0 dagger
rCold    . . .     Gourm    .   (no shield)
rNeg     . . .     Faith    .   m - +2 robe {MR+}
rPois    .         Spirit   .   (no helmet)
rElec    .         Reflect  .   (no cloak)
rCorr    .         Harm     .   (no gloves)
MR       ++...                  (no boots)
Stlth    ++........             (no amulet)
Regen    0.1/turn               h - ring of protection from magic
MPRegen  0.2/turn               (no ring)

@: very slightly contaminated
A: no striking features
a: no special abilities


You were on level 2 of the Dungeon.
You were hungry.

You visited 1 branch of the dungeon, and saw 2 of its levels.

You collected 79 gold pieces.

Inventory:

Hand Weapons
 e - a +0 dagger (weapon)
Armour
 a - a +0 robe
 m - a +2 robe of magic resistance (worn)
Jewellery
 h - a ring of protection from magic (left hand)
Scrolls
 d - 3 scrolls of teleportation {unknown}
 f - a scroll of enchant weapon {unknown}
 n - a scroll of identify {unknown}
 q - a scroll of remove curse {unknown}
 r - a scroll of noise {unknown}
 t - 2 scrolls of amnesia {unknown}
Potions
 g - a potion of curing {unknown}
 i - a potion of heal wounds {unknown}
 j - a potion of lignification {unknown}
 l - a potion of haste {unknown}
 o - 2 potions of flight {unknown}
Books
 b - a book of Frost

   Spells                             Type                      Level
   a - Freeze                         Ice                          1
   b - Throw Frost                    Conjuration/Ice              2
   c - Ozocubu's Armour               Charms/Ice                   3
   d - Throw Icicle                   Conjuration/Ice              4
   e - Summon Ice Beast               Ice/Summoning                4
 p - a book of Cantrips

   Spells                             Type                      Level
   a - Confusing Touch                Hexes                        1
   b - Animate Skeleton               Necromancy                   1
   c - Summon Small Mammal            Summoning                    1
   d - Apportation                    Translocation                1
Comestibles
 c - 3 bread rations
 k - a chunk of flesh
 s - a meat ration
 u - a royal jelly


   Skills:
 + Level 1.2 Short Blades
 * Level 3.6 Dodging
 + Level 3.2 Stealth
 + Level 3.8 Spellcasting
 + Level 1.1 Conjurations
 * Level 4.5 Ice Magic


You couldn't memorise any spells.
You knew the following spells:

 Your Spells              Type           Power        Failure   Level  Hunger
a - Freeze                Ice            ###.         1%          1    None
b - Throw Frost           Conj/Ice       ###...       6%          2    #......
c - Ozocubu's Armour      Chrm/Ice       ##......     14%         3    ###....
d - Throw Icicle          Conj/Ice       ###.....     36%         4    ####...


Dungeon Overview and Level Annotations

Branches:
Dungeon (2/15)

Altars:


Message History

The gnoll hits you with a spear.
You see here a whip of freezing.
Casting: Freeze
Confirm with . or Enter, or press ? or * to list all spells.
Aiming: Freeze
Press: ? - help, Shift-Dir - straight line, f - gnoll
Aim: a gnoll, wielding a spear You freeze the gnoll.
The gnoll is moderately wounded.
The gnoll hits you with a spear.
* * * LOW HITPOINT WARNING * * *
Casting: Freeze
Confirm with . or Enter, or press ? or * to list all spells.
Aiming: Freeze
Press: ? - help, Shift-Dir - straight line, f/p - gnoll
Aim: a gnoll, wielding a spear (moderately wounded)
You freeze the gnoll.
The gnoll is moderately wounded.
The gnoll hits you with a spear.
You die...

#....# #......#########
#....# #...............
#....# #......#########
#....# ####.....>........<
#..).####........##########
#................# ########
##.####..........# #.......
#.# #...)......# #.######
#.####...@......###(#
#.......g...........#
#######.............#
#...'.............#
#.###..........<..#
####'###............##
#.....####.............
#.....# ##.........####
#.....# #..........# #.


You could see a gnoll.

Vanquished Creatures
  Jessica (D:2)
  Terence (D:2)
  Natasha (D:2)
  2 gnolls (D:2)
  2 dart slugs
  A leopard gecko (D:2)
  3 giant cockroaches
  3 goblins
  2 hobgoblins (D:1)
  3 kobolds
  A ball python (D:1)
  2 bats
  3 frilled lizards (D:1)
  5 rats
30 creatures vanquished.

Notes
Turn   | Place    | Note
-------+----------+-------------------------------------------
     0 | D:1      | darkstardao the Deep Elf Ice Elementalist began the quest for the Orb.
     0 | D:1      | Reached XP level 1. HP: 10/10 MP: 6/6
   414 | D:1      | Reached XP level 2. HP: 12/15 MP: 8/8
  1045 | D:1      | Learned a level 2 spell: Throw Frost
  1129 | D:2      | Noticed Jessica
  1135 | D:2      | Killed Jessica
  1135 | D:2      | Reached skill level 4 in Ice Magic
  1135 | D:2      | Reached XP level 3. HP: 19/19 MP: 1/10
  1293 | D:2      | Learned a level 3 spell: Ozocubu's Armour
  1300 | D:2      | Noticed Terence
  1315 | D:2      | Killed Terence
  1315 | D:2      | Reached XP level 4. HP: 23/24 MP: 3/11
  1527 | D:2      | Noticed Natasha
  1531 | D:2      | Killed Natasha
  1531 | D:2      | Reached skill level 1 in Short Blades
  1540 | D:2      | Learned a level 4 spell: Throw Icicle
  1935 | D:2      | Slain by a gnoll

Skill      XL: |  1  2  3  4 |
---------------+-------------+-----
Dodging        | 3 |  3.6
Ice Magic      | 4 |  4.5
Short Blades   | 1 |  1.2
Stealth        | 3 |  3.2
Spellcasting   | |  3.8
Conjurations   | |  1.1

Action                   |  1- 3 |  4- 6 || total
-------------------------+-------+-------++-------
Melee: Dagger            |    57 |    71 ||   128
 Cast: Freeze            |     7 |    12 ||    19
       Throw Frost       |     3 |       ||     3
       Ozocubu's Armour  |     1 |       ||     1
 Stab: Sleeping          |     6 |       ||     6
  Eat: Chunk             |     1 |     2 ||     3
Armor: Robe              |     9 |    25 ||    34
Dodge: Dodged            |    32 |    67 ||    99
